 Dungeon Crawl Stone Soup version 0.21-a0-13-g3fd62ac (webtiles) character file.

86 Elysium the Poker (level 4, -6/33 HPs)
             Began as a Merfolk Gladiator on May 24, 2017.
             Killed by divine providence
             ... invoked by an orc priest
              (9 damage)
             ... on level 3 of the Dungeon.
             The game lasted 00:02:36 (1954 turns).

Elysium the Poker (Merfolk Gladiator)               Turns: 1954, Time: 00:02:37

Health: -6/33      AC:  7    Str: 15    XL:     4   Next: 50%
Magic:  4/4        EV: 14    Int:  7    God:
Gold:   98         SH:  0    Dex: 15    Spells: 3/3 levels left

rFire    . . .     SeeInvis .   a - +0 trident
rCold    . . .     Gourm    .   (no shield)
rNeg     . . .     Faith    .   b - +0 leather armour
rPois    .         Spirit   .   c - +0 helmet
rElec    .         Reflect  .   m - +0 cloak
rCorr    .         Harm     .   (no gloves)
MR       .....                  (no boots)
Stlth    +.........             (no amulet)
Regen    0.2/turn               r - +2 ring of protection
MPRegen  0.1/turn               (no ring)

@: no status effects
A: change form in water, swift swim, stealthy swim
a: no special abilities


You were on level 3 of the Dungeon.
You were not hungry.

You visited 1 branch of the dungeon, and saw 3 of its levels.

You collected 98 gold pieces.

Inventory:

Hand Weapons
 a - a +0 trident (weapon)
Missiles
 d - 3 throwing nets (quivered)
Armour
 b - a +0 leather armour (worn)
 c - a +0 helmet (worn)
 m - a +0 cloak (worn)
Jewellery
 r - a +2 ring of protection (left hand)
Scrolls
 e - a scroll of recharging {unknown}
 g - a scroll of random uselessness {unknown}
 j - a scroll of magic mapping {unknown}
 n - 4 scrolls of identify
 o - 2 scrolls of teleportation {unknown}
 p - a scroll of enchant armour {unknown}
 v - a scroll of remove curse {unknown}
Potions
 h - a potion of flight
 i - 4 potions of curing {unknown}
 u - a potion of lignification {unknown}
Books
 s - a book of Maledictions

   Spells                             Type                      Level
   a - Corona                         Hexes                        1
   b - Ensorcelled Hibernation        Hexes/Ice                    2
   c - Confuse                        Hexes                        3
   d - Tukima's Dance                 Hexes                        3
   e - Dazzling Spray                 Conjuration/Hexes            3
Comestibles
 f - 3 bread rations
 l - 7 chunks of flesh
 q - a royal jelly
 t - 2 meat rations


   Skills:
 - Level 2.1 Fighting
 * Level 7.5 Polearms
 - Level 2.0 Throwing
 - Level 4.0 Dodging


You had 3 spell levels left.
You didn't know any spells.

Dungeon Overview and Level Annotations

Branches:
Dungeon (3/15)

Altars:
Cheibriados
Nemelex Xobeh


Message History

The orc priest calls down the wrath of Beogh upon you.
Beogh smites you!
Ouch! That really hurt!
* * * LOW HITPOINT WARNING * * *
The orc throws a tomahawk.
The tomahawk barely misses you.
You see here a tomahawk.
You feel much better.
The orc priest casts a cantrip, but nothing happens.
The orc priest invokes the aid of Beogh against you.
Beogh smites you!
The orc throws a tomahawk.
The tomahawk closely misses you.
You see here a tomahawk.
The orc priest mumbles some strange prayers to Beogh against you.
Beogh smites you!
* * * LOW HITPOINT WARNING * * *
The orc priest calls upon Beogh to heal something.
The orc wizard casts a spell.
The orc wizard seems to speed up.
The orc priest mumbles some strange prayers to Beogh against you.
Beogh smites you!
You die...

#......#......<.#
#......#........#
#..(...#......>.#
###.#..##........#
#...##...<.......#
#.#####..######.##
#.# #.....## # #.
#.####.#....#
###.##
#.#.r@......#
#.....##
#.#.....##..#
.......## #......##
#...
........####o.....#
####
..........oo......#
........#o#.......#
........o.#..#...##
.......oo[.o.###.#
......o......# .#


You could see an orc priest, an orc wizard, 3 orcs and a rat.

Vanquished Creatures
  3 adders
  2 dart slugs (D:1)
  2 leopard geckos
  2 ball pythons (D:1)
  4 giant cockroaches
  7 goblins
  5 hobgoblins
  5 jackals
  A quokka (D:2)
  6 bats
  3 frilled lizards
  4 kobolds
  6 rats
50 creatures vanquished.

Notes
Turn   | Place    | Note
-------+----------+-------------------------------------------
     0 | D:1      | Elysium the Merfolk Gladiator began the quest for the Orb.
     0 | D:1      | Reached XP level 1. HP: 16/16 MP: 1/1
    49 | D:1      | Reached skill level 5 in Polearms
    51 | D:1      | Reached XP level 2. HP: 19/22 MP: 2/2
   495 | D:1      | Found a sparkling altar of Nemelex Xobeh.
   589 | D:1      | Reached skill level 6 in Polearms
   589 | D:1      | Reached XP level 3. HP: 25/27 MP: 3/3
  1341 | D:2      | Reached skill level 7 in Polearms
  1341 | D:2      | Reached XP level 4. HP: 32/33 MP: 4/4
  1423 | D:2      | Found a faded altar of an unknown god.
  1921 | D:3      | Found a snail-covered altar of Cheibriados.
  1954 | D:3      | Killed from afar by an orc priest

Vault maps used:
D:1:      zaba_arrival_water, nemelex_diamond_rough_becter
D:2:      chequers_ecumenical_altar_simple
D:3:      first_bread, grunt_decor_mini_mirrors, cheibriados_altar_1

Skill      XL: |  1  2  3 |
---------------+----------+-----
Polearms       | 5 6 7 |  7.5
Fighting       | |  2.1
Throwing       | |  2.0
Dodging        | |  4.0

Action                   |  1- 3 |  4- 6 || total
-------------------------+-------+-------++-------
Melee: Trident           |   121 |    44 ||   165
  Use: Potion            |       |     2 ||     2
       Scroll            |       |     1 ||     1
 Stab: Sleeping          |     2 |     3 ||     5
  Eat: Chunk             |     1 |     2 ||     3
Armor: Leather armour    |    27 |    14 ||    41
Dodge: Dodged            |    83 |    34 ||   117
